[Event "Amsterdam Chess Open 2024"]
[Site "Amsterdam"]
[Date "2024.11.02"]
[Round "3.18"]
[White "Verschoor, Scott"]
[Black "Garau, Francesca"]
[Result "1-0"]
[ECO "E22"]
[WhiteElo "1966"]
[BlackElo "1879"]
[Annotator "RC"]
[PlyCount "171"]
[EventDate "2024.10.31"]
[EventType "swiss"]
[EventCountry "NED"]
[SourceTitle "playchess.com"]
[Source "ChessBase"]
[SourceQuality "1"]
[TimeControl "5400+30"]

1. d4 Nf6 2. c4 e6 3. Nc3 Bb4 4. Qc2 Bxc3+ 5. Qxc3 Ne4 6. Qc2 f5 7. Bf4 g5 8. Be5 Rg8 9. f3 d6 10. Bg3 Nf6 11. e3 Qe7 12. Ne2 Nc6 13. Bf2 Bd7 14. O-O-O O-O-O 15. Nc3 Nb4 16. Qb3 c5 17. dxc5 dxc5 18. a3 Nc6 19. Be2 Rg7 20. Bg3 Be8 21. Rxd8+ Qxd8 22. Qb5 Qe7 23. Qb3 Qf8 24. Rd1 Rd7 25. Rxd7 Bxd7 26. Qd1 e5 27. Nd5 h5 28. Nxf6 Qxf6 29. Qd5 Qe7 30. Bd1 Be6 31. Qd3 Qd7 32. Bc2 h4 33. Bf2 Qxd3 34. Bxd3 b6 35. Bc2 Kd7 36. f4 exf4 37. exf4 Nd4 38. Bd3 h3 39. gxh3 g4 40. hxg4 fxg4 41. Bg3 Ke7 42. Kd2 Kf6 43. b4 cxb4 44. axb4 a5 45. bxa5 bxa5 46. Kc3 Nf5 47. Kb3 Bd7 48. c5 Bc6 49. Bf2 Ke6 50. Bc4+ Kf6 51. Be2 Nh6 52. Bh4+ Kf5 53. Bg5 Nf7 54. Bd3+ Ke6 55. Bc4+ Bd5 56. Bxd5+ Kxd5 57. Be7 Nh6 58. Ka4 Nf5 59. Bf8 Nd4 60. Kxa5 Kc6 61. Bd6 Nf5 62. Kb4 g3 63. hxg3 Nxg3 64. Kc4 Ne4 65. Bf8 Nf6 66. Kd4 Nd7 67. Be7 Nb8 68. f5 Kd7 69. f6 Ke6 70. Kc4 Nc6 71. Kb5 Kd7 72. Kb6 Nd4 73. Bd6 Ke6 74. Be7 Kd7 75. Kb7 Nc6 76. Bd6 Nd8+ 77. Kb6 Nf7 78. Bf8 Ne5 79. Kb7 Ke8 80. Bd6 Nf7 81. Be7 Ne5 82. c6 Nc4 83. c7 Na5+ 84. Ka6 Kd7 85. Kxa5 Kxc7 86. f7 1-0

[Event "Amsterdam Chess Open 2024"]
[Site "Amsterdam"]
[Date "2024.11.02"]
[Round "3.19"]
[White "Teianu, Maxim"]
[Black "Aarts, Joaquin"]
[Result "1-0"]
[ECO "D35"]
[WhiteElo "1878"]
[BlackElo "1950"]
[Annotator "RC"]
[PlyCount "77"]
[EventDate "2024.10.31"]
[EventType "swiss"]
[EventCountry "NED"]
[SourceTitle "playchess.com"]
[Source "ChessBase"]
[SourceQuality "1"]
[TimeControl "5400+30"]

1. d4 Nf6 2. c4 e6 3. Nf3 d5 4. Nc3 Nbd7 5. Bf4 Bb4 6. cxd5 exd5 7. Qc2 Ne4 8. a3 Bxc3+ 9. bxc3 c5 10. Nd2 Nxd2 11. Bxd2 O-O 12. e3 c4 13. Be2 Nf6 14. f3 Re8 15. g4 h5 16. gxh5 Nxh5 17. O-O-O Re6 18. e4 Rb6 19. Be3 Qe7 20. Kd2 Bd7 21. Rhg1 Re8 22. e5 g6 23. Bg5 Qf8 24. f4 Ng7 25. h4 Bf5 26. Qa2 Ree6 27. h5 Ne8 28. hxg6 fxg6 29. Bf3 Rb5 30. a4 Ra6 31. Ra1 Rba5 32. Rh1 Qf7 33. Ke3 Be6 34. Qh2 Qg7 35. Qh4 Kf7 36. Bd8 g5 37. Qh5+ Kf8 38. Bxa5 gxf4+ 39. Ke2 1-0

[Event "Amsterdam Chess Open 2024"]
[Site "Amsterdam"]
[Date "2024.11.02"]
[Round "3.20"]
[White "Waersegers, Brent"]
[Black "Krylov, Philippe"]
[Result "0-1"]
[ECO "B12"]
[WhiteElo "1835"]
[BlackElo "1950"]
[Annotator "RC"]
[PlyCount "132"]
[EventDate "2024.10.31"]
[EventType "swiss"]
[EventCountry "NED"]
[SourceTitle "playchess.com"]
[Source "ChessBase"]
[SourceQuality "1"]
[TimeControl "5400+30"]

1. e4 c6 2. d4 d5 3. e5 Bf5 4. h4 h5 5. Bd3 Bxd3 6. Qxd3 Qa5+ 7. Nc3 e6 8. Nge2 Ne7 9. Bg5 Nf5 10. Ng3 Ne7 11. O-O Nd7 12. b4 Qc7 13. Qf3 g6 14. a4 Bh6 15. Bxh6 Rxh6 16. a5 Nf5 17. Qf4 Rh8 18. Nxf5 exf5 19. Qg5 Nf8 20. b5 Qd8 21. Qxd8+ Kxd8 22. bxc6 bxc6 23. a6 Ne6 24. Ne2 Rb8 25. Rfb1 Kc7 26. c3 Rxb1+ 27. Rxb1 Rb8 28. Ra1 Rb2 29. Kf1 Kb6 30. g3 Rb5 31. Ke1 Ra5 32. Rxa5 Kxa5 33. c4 dxc4 34. Kd2 Kxa6 35. Kc3 Kb5 36. Ng1 a5 37. Nf3 Nc7 38. Ng5 Nd5+ 39. Kc2 f6 40. Ne6 a4 41. f4 a3 42. Nc5 fxe5 43. fxe5 Nb4+ 44. Kb1 c3 45. e6 c2+ 46. Kc1 a2 47. Nb3 Kc4 48. Kb2 Nd5 49. Kxc2 a1=Q 50. Nxa1 Kxd4 51. Nb3+ Ke5 52. Kd3 Kxe6 53. Kd4 Kd6 54. Nc5 Nf6 55. Nd3 Nd7 56. Nf4 c5+ 57. Kc3 Ne5 58. Kc2 c4 59. Kc3 Kc5 60. Ne6+ Kd5 61. Ng5 Nd7 62. Nf7 Ke4 63. Ng5+ Ke3 64. Kxc4 Kf2 65. Kd3 Kxg3 66. Ke2 Kxh4 0-1

[Event "Amsterdam Chess Open 2024"]
[Site "Amsterdam"]
[Date "2024.11.02"]
[Round "3.21"]
[White "Shakya, Amrit"]
[Black "Haerden, Mathijs"]
[Result "1-0"]
[ECO "B15"]
[WhiteElo "1756"]
[BlackElo "1802"]
[Annotator "NA RC"]
[PlyCount "61"]
[EventDate "2024.10.31"]
[EventType "swiss"]
[EventCountry "NED"]
[SourceTitle "playchess.com"]
[Source "ChessBase"]
[SourceQuality "1"]
[TimeControl "5400+30"]

1. e4 c6 2. d4 d5 3. Nc3 dxe4 4. Nxe4 Nf6 5. Nxf6+ exf6 6. Be3 Bd6 7. Bd3 O-O 8. Qh5 g6 9. Qf3 Be6 10. g4 Re8 11. c4 Bb4+ 12. Kf1 b5 13. b3 bxc4 14. bxc4 Bc3 15. Rd1 Na6 16. Ne2 Ba5 17. Nf4 Rb8 18. Nxe6 Rxe6 19. d5 Rxe3 20. fxe3 cxd5 21. Be2 Nb4 22. a3 Nc2 23. Rxd5 Qb6 24. Rb5 Qc7 25. Rxb8+ Qxb8 26. Qe4 Nxe3+ 27. Qxe3 Qb1+ 28. Kg2 Qb7+ 29. Qf3 Qb8 30. Rf1 Bc3 31. Qxc3 1-0

[Event "Amsterdam Chess Open 2024"]
[Site "Amsterdam"]
[Date "2024.11.02"]
[Round "3.22"]
[White "Speckamp, Jeroen"]
[Black "Stiehler, Oskar"]
[Result "0-1"]
[ECO "B01"]
[WhiteElo "1778"]
[BlackElo "1784"]
[Annotator "NA RC"]
[PlyCount "71"]
[EventDate "2024.10.31"]
[EventType "swiss"]
[EventCountry "NED"]
[SourceTitle "playchess.com"]
[Source "ChessBase"]
[SourceQuality "1"]
[TimeControl "5400+30"]

1. e4 d5 2. exd5 Nf6 3. Nf3 Nxd5 4. d4 g6 5. Be2 Bg7 6. O-O O-O 7. c4 Nb6 8. Nc3 Nc6 9. Be3 Bg4 10. d5 Bxf3 11. gxf3 Ne5 12. c5 Nbc4 13. Qb3 Nxe3 14. fxe3 Qd7 15. Rad1 Rfd8 16. e4 Qc8 17. Kg2 c6 18. d6 exd6 19. cxd6 Bf8 20. Rd2 Rxd6 21. Rfd1 Rxd2 22. Rxd2 b6 23. Kg3 Nd7 24. f4 Nc5 25. Qd1 Qc7 26. e5 a5 27. a3 a4 28. Rd4 b5 29. Bf3 Be7 30. Nxb5 Qb6 31. Nc3 Qxb2 32. Nxa4 Qxa3 33. Nxc5 Qxc5 34. Ra4 Rd8 35. Qe2 Qb5 36. Qxb5 0-1

[Event "Amsterdam Chess Open 2024"]
[Site "Amsterdam"]
[Date "2024.11.02"]
[Round "3.24"]
[White "Verhoeven, Lars"]
[Black "Lars Nobbe"]
[Result "0-1"]
[ECO "A22"]
[WhiteElo "1761"]
[BlackElo "1772"]
[Annotator "NA RC"]
[PlyCount "88"]
[EventDate "2024.10.31"]
[EventType "swiss"]
[EventCountry "NED"]
[SourceTitle "playchess.com"]
[Source "ChessBase"]
[SourceQuality "1"]
[TimeControl "5400+30"]

1. c4 e5 2. Nc3 Nf6 3. g3 Bb4 4. e4 O-O 5. f3 Nc6 6. Nh3 d6 7. Nf2 Be6 8. a3 Bc5 9. b4 Bd4 10. Bb2 Nd7 11. Be2 f5 12. d3 Qg5 13. Qc2 f4 14. g4 Qh4 15. Ncd1 Bxb2 16. Qxb2 Nd4 17. Nc3 c6 18. Na2 Nf6 19. Nc1 h5 20. gxh5 Nxh5 21. Nb3 Nxb3 22. Qxb3 Rf6 23. Bf1 Rh6 24. Qb2 Nf6 25. O-O-O d5 26. exd5 cxd5 27. Qxe5 Qxf2 28. Qxe6+ Kh8 29. Qe2 Qd4 30. Qd2 Qa1+ 31. Kc2 Qa2+ 32. Kc1 Qa1+ 33. Kc2 Qxa3 34. Qc3 Qa2+ 35. Qb2 Qa4+ 36. Qb3 Qc6 37. c5 d4 38. Bg2 Nd5 39. Kd2 Ne3 40. Rdg1 a5 41. Qb2 axb4 42. Qxd4 Ra2+ 43. Kc1 Rc2+ 44. Kb1 Qa4 0-1

[Event "Amsterdam Chess Open 2024"]
[Site "Amsterdam"]
[Date "2024.11.02"]
[Round "3.25"]
[White "Thomas Huften"]
[Black "Oostenbrug, Floris"]
[Result "0-1"]
[ECO "E01"]
[WhiteElo "1781"]
[BlackElo "1676"]
[Annotator "NA RC"]
[PlyCount "84"]
[EventDate "2024.10.31"]
[EventType "swiss"]
[EventCountry "NED"]
[SourceTitle "playchess.com"]
[Source "ChessBase"]
[SourceQuality "1"]
[TimeControl "5400+30"]

1. Nf3 d5 2. d4 Nf6 3. c4 e6 4. g3 c5 5. e3 Nc6 6. Bg2 Be7 7. Nc3 O-O 8. O-O a6 9. cxd5 exd5 10. a4 Bg4 11. Qd2 cxd4 12. Nxd4 Qd7 13. Nde2 Bb4 14. Nf4 Bxc3 15. bxc3 Rad8 16. h3 Bf5 17. Rd1 Be6 18. Ba3 Rfe8 19. Bc5 Ne5 20. Bd4 Nc4 21. Qa2 Qc6 22. Bf1 Ne4 23. Rab1 Ned6 24. a5 Nb5 25. Rb4 Nxd4 26. cxd4 Rc8 27. Bxc4 dxc4 28. Nxe6 Qxe6 29. Rc1 Qxh3 30. Rcxc4 Rxc4 31. Qxc4 Rc8 32. Qf1 Qd7 33. Qg2 Rc6 34. Qe4 h6 35. Kh2 Rc7 36. Qb1 Qc6 37. Rb6 Qf3 38. Qb2 Rd7 39. Qc2 Rd5 40. Qc8+ Kh7 41. Qc2+ g6 42. Rxg6 Rh5+ 0-1

[Event "Amsterdam Chess Open 2024"]
[Site "Amsterdam"]
[Date "2024.11.02"]
[Round "3.26"]
[White "Sam Ritchie"]
[Black "Marnix Reemst"]
[Result "1-0"]
[ECO "B12"]
[WhiteElo "1600"]
[BlackElo "1700"]
[Annotator "NA RC"]
[PlyCount "101"]
[EventDate "2024.10.31"]
[EventType "swiss"]
[EventCountry "NED"]
[SourceTitle "playchess.com"]
[Source "ChessBase"]
[SourceQuality "1"]
[TimeControl "5400+30"]

1. e4 c6 2. d4 d5 3. e5 c5 4. c3 Bf5 5. Nf3 e6 6. Be2 Nd7 7. O-O Ne7 8. Bf4 Nc6 9. Nbd2 cxd4 10. cxd4 Be7 11. Nb3 O-O 12. Rc1 Rc8 13. Qd2 f6 14. a3 fxe5 15. dxe5 Qe8 16. Nbd4 Qg6 17. Nxc6 bxc6 18. Rc3 Bh3 19. Nh4 Bxh4 20. Rxh3 Rxf4 21. Qxf4 Bg5 22. Qg3 Nc5 23. Bd3 Nxd3 24. Qxd3 Qxd3 25. Rxd3 c5 26. f4 c4 27. Rd2 Bd8 28. Rfd1 Ba5 29. Rc2 Rf8 30. g3 Rb8 31. f5 Kf7 32. g4 Rb3 33. Re2 d4 34. Kg2 c3 35. bxc3 dxc3 36. Rd7+ Ke8 37. Rxa7 Rb2 38. Rxb2 cxb2 39. Rb7 Bc3 40. fxe6 Bxe5 41. h4 b1=Q 42. Rxb1 Ke7 43. Re1 Bc3 44. Re4 Bd2 45. h5 g6 46. hxg6 hxg6 47. a4 g5 48. Kf3 Ba5 49. Ke2 Bd8 50. Kd3 Kf6 51. e7 1-0

[Event "Amsterdam Chess Open 2024"]
[Site "Amsterdam"]
[Date "2024.11.02"]
[Round "3.27"]
[White "Dries Bolkestein"]
[Black "Tobias Pilz"]
[Result "0-1"]
[ECO "D02"]
[WhiteElo "1550"]
[BlackElo "1700"]
[Annotator "NA RC"]
[PlyCount "126"]
[EventDate "2024.10.31"]
[EventType "swiss"]
[EventCountry "NED"]
[SourceTitle "playchess.com"]
[Source "ChessBase"]
[SourceQuality "1"]
[TimeControl "5400+30"]

1. d4 Nf6 2. Bf4 d5 3. Nf3 e6 4. e3 Nc6 5. c3 Be7 6. Bd3 h6 7. Nbd2 Bd7 8. Ne5 Bd6 9. Ndf3 a6 10. Nxd7 Nxd7 11. Bxd6 cxd6 12. e4 dxe4 13. Bxe4 d5 14. Bd3 b5 15. O-O Qb6 16. a3 O-O 17. Re1 Qc7 18. Qd2 Na5 19. Bc2 Nc4 20. Qd3 Nf6 21. Rab1 Rfe8 22. h3 Rab8 23. Nd2 Qf4 24. Nxc4 bxc4 25. Qe3 Qxe3 26. Rxe3 Re7 27. Ba4 Reb7 28. Re2 Ne4 29. Rc2 Kf8 30. f3 Nd6 31. Kf2 Ke7 32. Kg3 Nc8 33. Re2 Nb6 34. Bd1 Nd7 35. Rd2 Nf6 36. Ba4 g5 37. Kf2 Nh5 38. g3 Ng7 39. b3 cxb3 40. Rdb2 Nf5 41. Rxb3 Rxb3 42. Rxb3 Rxb3 43. Bxb3 Nd6 44. a4 Kd7 45. Ke3 Kc6 46. Kd3 Kb6 47. g4 Ka5 48. Kc2 Nc8 49. Kb2 Ne7 50. Bc2 f5 51. Kb3 Kb6 52. Kb4 Nc6+ 53. Kb3 f4 54. Bg6 Kc7 55. Be8 Na5+ 56. Kb4 Nc4 57. Bg6 Nd2 58. Ka5 Nxf3 59. Kxa6 Nd2 60. Kb5 f3 61. a5 Ne4 62. a6 f2 63. h4 f1=Q+ 0-1

[Event "Amsterdam Chess Open 2024"]
[Site "Amsterdam"]
[Date "2024.11.02"]
[Round "3.28"]
[White "Agustin Luis Martin Reyes"]
[Black "Saricicek, Bilal Eren"]
[Result "1/2-1/2"]
[ECO "A00"]
[WhiteElo "1650"]
[BlackElo "1547"]
[Annotator "NA RC"]
[PlyCount "65"]
[EventDate "2024.10.31"]
[EventType "swiss"]
[EventCountry "NED"]
[SourceTitle "playchess.com"]
[Source "ChessBase"]
[SourceQuality "1"]
[TimeControl "5400+30"]

1. g3 d5 2. Bg2 e5 3. e4 d4 4. d3 h6 5. a3 Bd6 6. Nd2 c5 7. Ngf3 Nc6 8. O-O Nf6 9. Nc4 Bc7 10. a4 O-O 11. Bd2 Be6 12. b3 Qd7 13. Qc1 Kh7 14. Nh4 Ne7 15. f4 exf4 16. gxf4 Bxc4 17. bxc4 Qg4 18. Nf3 Ng6 19. h3 Qg3 20. e5 Nh5 21. Nh2 Nh4 22. Rf2 Nxg2 23. Rxg2 Qxh3 24. Qe1 Qf5 25. Qh4 Bd8 26. Qg4 Qxg4 27. Nxg4 Re8 28. Rh2 Ng3 29. Kf2 Nf5 30. Rah1 Rc8 31. Rh5 g6 32. R5h3 Kg7 33. Nxh6 1/2-1/2

[Event "Amsterdam Chess Open 2024"]
[Site "Amsterdam"]
[Date "2024.11.02"]
[Round "3.29"]
[White "Kevin Cox"]
[Black "Chris van Gasteren"]
[Result "0-1"]
[ECO "D02"]
[WhiteElo "1550"]
[BlackElo "1650"]
[Annotator "NA RC"]
[PlyCount "76"]
[EventDate "2024.10.31"]
[EventType "swiss"]
[EventCountry "NED"]
[SourceTitle "playchess.com"]
[Source "ChessBase"]
[SourceQuality "1"]
[TimeControl "5400+30"]

1. Nf3 Nf6 2. d4 d5 3. g3 g6 4. Bg2 Bg7 5. O-O Bf5 6. c3 Nbd7 7. Qb3 b6 8. Qa4 O-O 9. Nbd2 Re8 10. Re1 e5 11. dxe5 Nxe5 12. Nxe5 Rxe5 13. e3 c5 14. Nf3 Re8 15. Nh4 Be4 16. Rd1 Bxg2 17. Nxg2 Qc7 18. Nf4 Rad8 19. Qb3 Qc6 20. a4 Rd7 21. Qc2 Ne4 22. h4 h6 23. Qe2 Bxc3 24. Qg4 Bg7 25. a5 d4 26. axb6 axb6 27. Ra3 Red8 28. Rad3 c4 29. Ra3 Nxf2 30. Kxf2 dxe3+ 31. Bxe3 Rxd1 32. Ra6 Qh1 33. Qe2 Qg1+ 34. Kf3 Rf1+ 35. Kg4 f5+ 36. Kh3 Qh1+ 37. Qh2 Qf3 38. Ng2 Qg4# 0-1

[Event "Amsterdam Chess Open 2024"]
[Site "Amsterdam"]
[Date "2024.11.02"]
[Round "3.30"]
[White "Hubert Humerczyk"]
[Black "Witte, Phoebe"]
[Result "1-0"]
[ECO "D00"]
[WhiteElo "1400"]
[BlackElo "1619"]
[Annotator "NA RC"]
[PlyCount "75"]
[EventDate "2024.10.31"]
[EventType "swiss"]
[EventCountry "NED"]
[SourceTitle "playchess.com"]
[Source "ChessBase"]
[SourceQuality "1"]
[TimeControl "5400+30"]

1. d4 d5 2. Bf4 Nf6 3. e3 c5 4. c3 Nc6 5. Bd3 Qb6 6. Qc1 Nh5 7. Bg3 Nxg3 8. hxg3 e5 9. Ne2 e4 10. Bc2 Bg4 11. Nf4 Rd8 12. Nd2 Be6 13. Nxe6 fxe6 14. f3 Bd6 15. O-O O-O 16. Rb1 Bxg3 17. fxe4 cxd4 18. exd4 Ne7 19. Nf3 e5 20. exd5 exd4 21. Kh1 Bf4 22. Qe1 Qh6+ 23. Kg1 Be3+ 24. Rf2 Bxf2+ 25. Qxf2 Qe3 26. Qxe3 dxe3 27. c4 Nf5 28. b4 Nd6 29. c5 Nb5 30. Bb3 Nc3 31. d6+ Kh8 32. Re1 Rfe8 33. Ng5 g6 34. Nf7+ Kg7 35. Nxd8 Rxd8 36. Rxe3 Nb5 37. Re7+ Kf6 38. Rxb7 1-0